 Dungeon Crawl Stone Soup version 0.26-a0-661-g406de6ba63 (webtiles) character file.

Game seed: 5749837961433265262

208 grandjackal the Ducker (level 5, -1/42 HPs)
             Began as a Demonspawn Gladiator on Oct 8, 2020.
             Slain by a phantom (8 damage)
             ... on level 4 of the Dungeon.
             The game lasted 00:03:00 (2739 turns).

grandjackal the Ducker (Demonspawn Gladiator)       Turns: 2739, Time: 00:03:01

Health: -1/42      AC:  4    Str: 15    XL:     5   Next: 55%
Magic:  5/5        EV: 16    Int:  9    God:
Gold:   130        SH:  0    Dex: 15    Spells: 4/4 levels left

rFire    . . .     SeeInvis .   a - +0 long sword
rCold    . . .     Faith    .   (no shield)
rNeg     . . .     Spirit   .   b - +0 leather armour
rPois    .         Reflect  .   c - +0 helmet
rElec    .         Harm     .   (no cloak)
rCorr    .         Rampage  .   (no gloves)
MR       .....                  (no boots)
Stlth    +.........             (no amulet)
HPRegen  0.14/turn              f - ring of flight
MPRegen  0.09/turn              (no ring)

@: no status effects
A: talons 1, repulsion field 1
a: Evoke Flight


You were on level 4 of the Dungeon.
You visited 1 branch of the dungeon, and saw 4 of its levels.

You collected 130 gold pieces.

Inventory:

Hand Weapons
 a - a +0 long sword (weapon)
Missiles
 d - 3 throwing nets (quivered)
 l - 7 poisoned darts
Armour
 b - a +0 leather armour (worn)
 c - a +0 helmet (worn)
Jewellery
 f - a ring of flight (left hand)
Scrolls
 g - 3 scrolls of magic mapping {unknown}
 h - a scroll of fog {unknown}
 j - a scroll of remove curse {unknown}
 m - 3 scrolls of identify {unknown}
 n - 2 scrolls of amnesia {unknown}
 s - a scroll of teleportation {unknown}
Potions
 e - 2 potions of heal wounds {unknown}
 i - 2 potions of curing {unknown}
 k - a potion of berserk rage {unknown}
 o - 3 potions of lignification
 p - a potion of flight {unknown}
 q - a potion of might {unknown}
 r - a potion of stabbing {unknown}


   Skills:
 + Level 3.7 Fighting
 + Level 3.9 Long Blades
 - Level 1.7 Throwing
 + Level 4.0 Dodging


You had 4 spell levels left.
You didn't know any spells.
Your spell library contained the following spells:

 Spells                   Type           Power        Failure   Level
 Confusing Touch          Hex            #.......     83%         3
 Gell's Gravitas          Tloc           #.........   83%         3
 Petrify                  Tmut/Erth      #.......     99%         4
 Metabolic Englaciation   Hex/Ice        #.........   100%        5
 Yara's Violent Unravell  Hex/Tmut       #.........   100%        5


Dungeon Overview and Level Annotations

Branches:
Dungeon (4/15)
 Temple: D:4-7

Altars:
Cheibriados
Dithmenos
Yredelemnul
Zin

Annotations:
D:3 1 runed translucent door, GoodGuyCap's ghost, amateur OpMo


Innate Abilities, Weirdness & Mutations

You have sharp toenails.
You are surrounded by a mild repulsion field. (EV +2)


Message History

The phantom closely misses you.
You closely miss the phantom. Your kick misses the phantom.
The phantom is severely damaged.
The phantom hits you but does no damage.
You hit the phantom but do no damage. Your kick misses the phantom.
The phantom is severely damaged.
The phantom closely misses you.
You riposte.
You slash the phantom! You claw the phantom, but do no damage.
The phantom is severely damaged.
The phantom hits you!
* * * LOW HITPOINT WARNING * * *
You closely miss the phantom.
The phantom is severely damaged.
The phantom misses you.
You riposte.
You hit the phantom. You claw the phantom, but do no damage.
The phantom is severely damaged.
You barely miss the phantom. Your kick misses the phantom.
The phantom is severely damaged.
The phantom hits you!
You die...

### ##.## ##...##
#.....# #...#
#######.###.# .# ..#
.......W....# ......
#######@##### #.#.#
##'## .(.. ##...##
#.## ##.....## #..##
##.......##
#####...####.........#
...........'.........+
#...)....###.........#
#.###..#.# ##.......##


You could see a phantom.

Vanquished Creatures
  A bullfrog (D:4)
  A worker ant (D:4)
  A gnoll (D:1)
  2 adders
  An ooze (D:2)
  A worm (D:2)
  A dart slug (D:3)
  2 leopard geckos
  An orc (D:3)
  5 giant cockroaches
  6 goblins
  11 hobgoblins
  12 jackals
  A quokka (D:4)
  11 bats
  6 frilled lizards
  7 kobolds
  9 rats
79 creatures vanquished.

Notes
Turn   | Place    | Note
-------+----------+-------------------------------------------
     0 | D:1      | grandjackal the Demonspawn Gladiator began the quest for
                  | the Orb.
     0 | D:1      | Reached XP level 1. HP: 16/16 MP: 1/1
   110 | D:1      | Gained mutation: You have sharp toenails. [demonic
                  | ancestry]
   110 | D:1      | Reached XP level 2. HP: 12/22 MP: 2/2
   292 | D:1      | Reached skill level 3 in Dodging
   363 | D:1      | Reached XP level 3. HP: 25/28 MP: 3/3
  1128 | D:2      | Gained mutation: You are surrounded by a mild repulsion
                  | field. (EV +2) [demonic ancestry]
  1128 | D:2      | Reached XP level 4. HP: 25/35 MP: 4/4
  1543 | D:2      | Found a basalt altar of Yredelemnul.
  2086 | D:3      | Found a runed translucent door.
  2111 | D:3      | Found a glowing silver altar of Zin.
  2313 | D:3      | Found a shadowy altar of Dithmenos.
  2319 | D:3      | Found a snail-covered altar of Cheibriados.
  2455 | D:3      | Noticed GoodGuyCap's ghost (amateur OpMo)
  2578 | D:4      | Noticed a bullfrog
  2582 | D:4      | Killed a bullfrog
  2582 | D:4      | Reached XP level 5. HP: 41/41 MP: 5/5
  2649 | D:4      | Reached skill level 4 in Dodging
  2688 | D:4      | Noticed a phantom
  2739 | D:4      | Slain by a phantom

Illustrated notes

Levels and vault maps discovered:
D:1:      dpeg_arrival_shrine, layout_basic, corner_web_ring, minmay_tall_x
D:2:      layout_loops_ring, lemuel_coloured_pillars_altar
D:3:      layout_rooms, lemuel_doored_altar, zin_scriptorium,
          kennysheep_slug_shrine, ebering_ghost_sewer_d
D:4:      layout_loops_corners, enter_ossuary_4, uniq_blork_the_orc

Skill      XL: |  1  2  3  4  5 |
---------------+----------------+-----
Long Blades    | 3 |  3.9
Dodging        | 3 4 |  4.0
Fighting       | 3 |  3.7
Throwing       | |  1.7

Action                   |  1- 3 |  4- 6 || total
-------------------------+-------+-------++-------
Melee: Long sword        |    90 |   103 ||   193
       Kick              |    18 |    28 ||    46
  Use: Potion            |       |     1 ||     1
 Stab: Sleeping          |     2 |       ||     2
Armor: Leather armour    |    28 |    22 ||    50
       Skin              |       |    11 ||    11
Dodge: Dodged            |    67 |    78 ||   145
       Rpst.: Long sword |    24 |    20 ||    44

Table legend: (Time is in decaauts)
 A = Elapsed time spent in this place.
 B = Non-inter-level travel time spent in this place.
 C = Inter-level travel time spent in this place.
 D = Time resting spent in this place.
 E = Time spent auto-exploring this place.
 F = Levels seen in this place.
 G = Mean time per level.
                   A        B        C        D        E       F      G
               +--------+--------+--------+--------+--------+-----+--------+
         Total |   2785 |   2730 |     55 |    347 |   1838 |   4 |  696.2 |
       Dungeon |   2785 |   2730 |     55 |    347 |   1838 |   4 |  696.2 |
               +--------+--------+--------+--------+--------+-----+--------+

Top non-repeatable levels by time:
     D:1: 997 daAuts
     D:2: 988 daAuts
     D:3: 521 daAuts
     D:4: 279 daAuts
